 Dungeon Crawl Stone Soup version 0.23.2-32-g37ab1d4649 (webtiles) character file.

Game seed: 8019479562958341444

16 FABLE the Shield-Bearer (level 2, 0/29 HPs)
             Began as a Gnoll Fighter on June 26, 2019.
             Slain by a goblin (5 damage)
             ... led by Robin
             ... on level 2 of the Dungeon.
             The game lasted 00:04:17 (1022 turns).

FABLE the Shield-Bearer (Gnoll Fighter)             Turns: 1022, Time: 00:04:17

Health: 0/29       AC:  7    Str: 23    XL:     2   Next: 54%
Magic:  2/2        EV:  8    Int: 10    God:
Gold:   116        SH: 11    Dex: 14    Spells: 1/1 levels left

rFire    + . .     SeeInvis .   h - +0 short sword
rCold    + . .     Gourm    .   b - +0 shield
rNeg     . . .     Faith    .   a - +0 scale mail
rPois    +         Spirit   .   (no helmet)
rElec    +         Reflect  .   (no cloak)
rCorr    +         Harm     .   (no gloves)
MR       .....                  (no boots)
Stlth    ..........             (no amulet)
HPRegen  0.09/turn              (no ring)
MPRegen  0.08/turn              (no ring)

@: mighty, resistant
A: distributed training, fangs 1, strong nose
a: no special abilities


You were on level 2 of the Dungeon.
You were hungry.

You visited 1 branch of the dungeon, and saw 2 of its levels.

You collected 116 gold pieces.

Inventory:

Hand Weapons
 h - a +0 short sword (weapon)
Missiles
 i - 23 sling bullets
Armour
 a - a +0 scale mail (worn)
 b - a +0 shield (worn)
 f - a +0 cloak
Scrolls
 g - a scroll of noise {unknown}
 j - 2 scrolls of teleportation {unknown}
 k - a scroll of remove curse {unknown}
Potions
 l - a potion of heal wounds {unknown}
Comestibles
 d - 2 rations


   Skills:
 + Level 6.5 Fighting
 + Level 0.4 Short Blades
 + Level 0.4 Long Blades
 + Level 0.4 Axes
 + Level 0.4 Maces & Flails
 + Level 0.4 Polearms
 + Level 0.4 Staves
 + Level 0.4 Slings
 + Level 0.4 Bows
 + Level 0.4 Crossbows
 + Level 0.4 Throwing
 + Level 6.5 Armour
 + Level 0.4 Dodging
 + Level 0.4 Stealth
 + Level 6.5 Shields
 + Level 4.5 Unarmed Combat
 + Level 0.4 Spellcasting
 + Level 0.2 Conjurations
 + Level 0.2 Hexes
 + Level 0.2 Charms
 + Level 0.2 Summonings
 + Level 0.2 Necromancy
 + Level 0.2 Translocations
 + Level 0.2 Transmutations
 + Level 0.2 Fire Magic
 + Level 0.2 Ice Magic
 + Level 0.2 Air Magic
 + Level 0.2 Earth Magic
 + Level 0.2 Poison Magic
 + Level 0.5 Invocations
 + Level 0.4 Evocations


You had one spell level left.
You didn't know any spells.
Your spell library was empty.

Dungeon Overview and Level Annotations

Branches:
Dungeon (2/15)

Altars:

Annotations:
D:2 Robin


Innate Abilities, Weirdness & Mutations

Your experience applies equally to all skills.
You have very sharp teeth.
Your uncanny sense of smell can sniff out nearby items.


Message History

You kill the kobold!
The goblin barely misses you.
Robin roars a battlecry!
The goblins go into a battle-frenzy!
You completely miss the goblin. You bite the goblin, but do no damage.
The goblin is heavily wounded.
The goblin hits you.
* * * LOW HITPOINT WARNING * * *
You feel very mighty all of a sudden. You block the goblin's attack.
It was a potion of resistance.
You feel protected. The goblin barely misses you.
You closely miss the goblin.
The goblin is heavily wounded.
You block the goblin's attack. Robin throws the goblin at you!
* * * LOW HITPOINT WARNING * * *
You closely miss the goblin. You block the goblin's attack.
The goblin hits you.
You die...

### ∆ ..# ##
..... ##.#. ...
∆# #g# .#
#@#.#..#
#g#.#.. #g#..#
#S#.# #gg.#
#rg## ##..###.#
#gg....#
#######...###>#


You could see Robin, an adder, a hobgoblin, 6 goblins and a rat.

Vanquished Creatures
  A leopard gecko (D:1)
  A giant cockroach (D:1)
  3 goblins (D:2)
  3 hobgoblins
  A bat (D:1)
  A frilled lizard (D:1)
  3 kobolds
  A rat (D:1)
  A plant (D:1)
15 creatures vanquished.

Notes
Turn   | Place    | Note
-------+----------+-------------------------------------------
     0 | D:1      | FABLE the Gnoll Fighter began the quest for the Orb.
     0 | D:1      | Reached XP level 1. HP: 23/23 MP: 1/1
   733 | D:1      | Reached XP level 2. HP: 28/29 MP: 2/2
   965 | D:1      | You fall through a shaft!
   965 | D:2      | Noticed Robin
  1022 | D:2      | Slain by a goblin

Action                   || total
-------------------------++-------
Melee: Short sword       ||   149
       Bite              ||    24
       Unarmed           ||     2
  Use: Potion            ||     2
Armor: Scale mail        ||    29
Dodge: Dodged            ||    39
Block: Shield            ||    61
